CALGARY vs NEW YORK I

Created - May 22, 2021 at 08:47

Goals
1 2 3 T
CALGARY 0 2 0 2
NEW YORK I 2 3 0 5
Shots
1 2 3 T
CALGARY 6 6 7 19
NEW YORK I 13 10 3 26

1st period

1. NEW YORK I , Jared Spurgeon 15 (Ryan Strome 36, Anthony Mantha 24) at 2:42 (PP)
2. NEW YORK I , Nick Foligno 21 (Logan Couture 36, Josh Bailey 29) at 15:59

Penalties :
Jamie Benn (CGY) for Hooking (Minor) at 1:39, Zach Bogosian (CGY) for Roughing (Minor) at 8:15, Blake Coleman (CGY) for Roughing (Minor) at 10:36

2nd period

3. CALGARY , Derick Brassard 9 (Mitchell Marner 30) at 7:04
4. CALGARY , Mikhail Sergachev 9 (Jamie Benn 26, Jaccob Slavin 44) at 11:35 (PP)
5. NEW YORK I , Jared Spurgeon 16 (Ryan Strome 37, Rasmus Ristolainen 27) at 13:28 (PP)
6. NEW YORK I , Marcus Foligno 8 (Matt Dumba 25, Jared Spurgeon 42) at 13:52
7. NEW YORK I , Brandon Saad 20 (Matt Dumba 26, Jared Spurgeon 43) at 18:34

Penalties :
Anthony Mantha (NYI) for Roughing (Minor) at 4:45, Jamie Benn (CGY) for High sticking (Minor) at 8:00, Jared Spurgeon (NYI) for High sticking (Minor) at 11:04, Zach Bogosian (CGY) for Hooking (Minor) at 13:08, Elias Pettersson (CGY) for Hooking (Minor) at 14:05

3rd period

No Goal

Penalties :
Ryan Strome (NYI) for Interference (Minor) at 8:34, Jared Spurgeon (NYI) for High sticking (Minor) at 19:43

Goalie Stats

Pavel Francouz (CGY), 21 saves from 26 shots - (0.808), L, 32-19-5, 60:00 minutes
Jacob Markstrom (NYI), 17 saves from 19 shots - (0.895), W, 38-18-7, 60:00 minutes

Players Stats for CALGARY

Player Name              G  A  P  +/- PIM S  H  SB GA TA FO     MP     PP MP  PK MP  
------------------------------------------------------------------------------------
Blake Coleman            0  0  0  -1  2   2  1  1  0  0  0/1    18:11   1:46   2:25 
Brock Boeser             0  0  0  -1  0   0  0  1  0  0  2/2    19:04   2:46   2:17 
Chris Tierney            0  0  0  -1  0   2  0  1  0  0  10/21  18:24   0:00   5:26 
Derick Brassard          1  0  1   1  0   1  1  0  0  0  2/3     5:39   0:00   0:00 
Drake Caggiula           0  0  0  -1  0   0  0  0  0  0  2/2     9:16   0:00   0:00 
Elias Pettersson         0  0  0  -1  2   0  1  0  0  0  9/21   15:16   1:59   0:00 
Jaccob Slavin            0  1  1   0  0   3  4  6  0  0  0/0    24:25   2:59   5:06 
Jake Gardiner            0  0  0  -2  0   0  2  0  0  0  0/0    18:07   0:00   3:51 
Jamie Benn               0  1  1  -1  4   2  0  0  0  0  14/22  19:29   2:46   2:44 
Joel Kellman             0  0  0  -1  0   0  0  0  0  0  0/0     4:49   0:00   0:00 
Markus Nutivaara         0  0  0   0  0   1  2  0  0  0  0/0    15:52   0:00   0:32 
Matt Nieto               0  0  0   1  0   0  0  0  0  0  0/0     6:13   0:00   0:00 
Mikhail Sergachev        1  0  1   0  0   2  1  1  0  0  0/0    24:15   2:59   4:56 
Mitchell Marner          0  1  1   1  0   4  1  0  0  0  1/2    25:17   1:59   5:46 
Patrik Laine             0  0  0  -1  0   1  1  0  0  0  0/0    15:17   1:59   0:00 
Rasmus Dahlin            0  0  0  -2  0   0  0  3  0  0  0/0    20:15   1:46   4:13 
Tyler Bertuzzi           0  0  0  -1  0   1  0  0  0  0  0/0    15:28   2:46   0:00 
Zach Bogosian            0  0  0   0  4   0  3  0  0  0  0/0    15:18   0:00   0:00 

Players Stats for NEW YORK I

Player Name              G  A  P  +/- PIM S  H  SB GA TA FO     MP     PP MP  PK MP  
------------------------------------------------------------------------------------
Anthony Mantha           0  1  1   0  2   1  7  0  0  0  0/2    18:23   4:51   0:00 
Austin Watson            0  0  0   1  0   1  2  0  0  0  0/1    13:35   0:00   3:14 
Ben Hutton               0  0  0   0  0   0  3  1  0  0  0/0    14:05   0:00   0:00 
Boone Jenner             0  0  0   1  0   2  0  0  0  0  8/14   13:10   0:00   2:49 
Brandon Saad             1  0  1   0  0   1  0  0  0  0  0/1    18:24   4:51   0:00 
Carter Rowney            0  0  0   0  0   0  0  0  0  0  0/0     1:05   0:00   1:05 
Cedric Paquette          0  0  0   0  0   0  3  0  0  0  2/2     7:39   0:00   1:05 
Esa Lindell              0  0  0   0  0   1  2  1  0  0  0/0    23:17   4:05   2:38 
Jared Spurgeon           2  2  4   2  4   4  0  3  0  0  0/0    20:29   5:14   0:00 
Josh Bailey              0  1  1   1  0   3  0  0  0  0  0/3    19:56   4:28   0:00 
Logan Couture            0  1  1   1  0   1  0  1  0  0  8/15   19:56   4:28   0:00 
Marcus Foligno           1  0  1   1  0   1  0  0  0  0  1/1    10:21   0:00   0:00 
Matt Dumba               0  2  2   2  0   0  5  0  0  0  0/0    17:24   0:00   2:07 
Nick Foligno             1  0  1   1  0   6  2  0  0  0  0/0    20:22   4:28   0:26 
Pat Maroon               0  0  0   0  0   1  2  0  0  0  0/0     6:34   0:00   0:00 
Pierre-Edouard Bellemare 0  0  0   0  0   0  0  0  0  0  2/8     7:25   0:00   0:51 
Rasmus Ristolainen       0  1  1   0  0   1  2  0  0  0  0/0    24:26   5:14   2:38 
Ryan Strome              0  2  2   0  2   2  3  0  0  0  13/27  18:23   4:51   0:00 
Scott Mayfield           0  0  0   0  0   1  3  0  0  0  0/0    19:56   3:44   2:07 
Troy Stecher             0  0  0   0  0   0  0  0  0  0  0/0     0:21   0:21   0:00 

3 Stars

1 - Jared Spurgeon (NYI)
2 - Matt Dumba (NYI)
3 - Nick Foligno (NYI)

Power Play

CALGARY - 1 on 4 Attempt(s) - 25.00%
NEW YORK I - 2 on 6 Attempt(s) - 33.33%

Penalty Kill

CALGARY - 4 on 6 Attempt(s) - 66.67% - Score 0 goal in Penalty Kill
NEW YORK I - 3 on 4 Attempt(s) - 75.00% - Score 0 goal in Penalty Kill

Team Stat

CALGARY - Hits : 17 - Faceoff Wins : 40 - Blocked Shots : 13 - Penalty Minutes : 12
NEW YORK I - Hits : 34 - Faceoff Wins : 34 - Blocked Shots : 6 - Penalty Minutes : 8

Official

Referees : Marc Joannette and Marc Tarbuskovich
Linesman : Jeff Walker and Corey Scott

Game Notes

Drake Caggiula is injured at 5:27 of 3rd period (Lower Body)

Finance

Level 1 -- Attendance: 4792 (79.87%) -- Ticket Income $479,200
Level 2 -- Attendance: 3952 (79.04%) -- Ticket Income $237,120
Level 3 -- Attendance: 2000 (100.00%) -- Ticket Income $70,000
Level 4 -- Attendance: 3494 (87.35%) -- Ticket Income $69,880
Luxury Box -- Attendance: 785 (78.50%) -- Ticket Income $157,000
Game was played at the Nassau Coliseum.
Total Attendance: 15023 (83.46%)
Total Ticket Income: $1,013,200
Total Income: $1,013,200

CALGARY

5 vs 5 Forward 
   Center                   Left Wing                Right Wing               Time % Phy DF OF 
 1 Elias Pettersson         Mitchell Marner          Patrik Laine             35     0   1  4  
 2 Jamie Benn               Blake Coleman            Brock Boeser             30     0   2  3  
 3 Chris Tierney            Tyler Bertuzzi           Drake Caggiula           25     0   2  3  
 4 Derick Brassard          Mitchell Marner          Matt Nieto               10     2   3  0  

5 vs 5 Defense 
   Defense                  Defense                                           Time % Phy DF OF 
 1 Jaccob Slavin            Mikhail Sergachev                                 35     0   2  3  
 2 Jake Gardiner            Rasmus Dahlin                                     30     0   2  3  
 3 Zach Bogosian            Markus Nutivaara                                  25     2   2  1  
 4 Jaccob Slavin            Mikhail Sergachev                                 10     1   2  2  

PowerPlay Forward 
   Center                   Left Wing                Right Wing               Time % Phy DF OF 
 1 Elias Pettersson         Mitchell Marner          Patrik Laine             60     0   1  4  
 2 Jamie Benn               Tyler Bertuzzi           Brock Boeser             40     0   1  4  

PowerPlay Defense
   Defense                  Defense                                           Time % Phy DF OF 
 1 Jaccob Slavin            Mikhail Sergachev                                 60     0   2  3  
 2 Blake Coleman            Rasmus Dahlin                                     40     0   2  3  

Penalty Kill 4 Players Forward 
   Center                   Wing                     Time % Phy DF OF 
 1 Chris Tierney            Mitchell Marner          60     1   4  0  
 2 Jamie Benn               Blake Coleman            40     1   4  0  

Penalty Kill 4 Players Defense
   Defense                  Defense                  Time % Phy DF OF 
 1 Jaccob Slavin            Mikhail Sergachev        60     1   4  0  
 2 Jake Gardiner            Rasmus Dahlin            40     1   4  0  

Penalty Kill - 3 Players Forward 
   Forward                                           Time % Phy DF OF 
 1 Chris Tierney                                     60     1   4  0  
 2 Blake Coleman                                     40     1   4  0  

Penalty Kill - 3 Players Defense
   Defense                  Defense                  Time % Phy DF OF 
 1 Jaccob Slavin            Mikhail Sergachev        60     1   4  0  
 2 Jake Gardiner            Rasmus Dahlin            40     1   4  0  

4 vs 4 Forward 
   Center                   Wing                     Time % Phy DF OF 
 1 Mitchell Marner          Elias Pettersson         60     0   1  4  
 2 Jamie Benn               Patrik Laine             40     0   2  3  

4 vs 4 Defense
   Defense                  Defense                  Time % Phy DF OF 
 1 Jaccob Slavin            Mikhail Sergachev        60     0   2  3  
 2 Brock Boeser             Rasmus Dahlin            40     0   2  3  

Last Minutes Offensive
   Center                   Left Wing                Right Wing               Defense                  Defense                  
   Elias Pettersson         Mitchell Marner          Patrik Laine             Jaccob Slavin            Mikhail Sergachev        

Last Minutes Defensive
   Center                   Left Wing                Right Wing               Defense                  Defense                  
   Elias Pettersson         Mitchell Marner          Patrik Laine             Jaccob Slavin            Mikhail Sergachev        

Goaltenders
Starting : Pavel Francouz           
Backup : Jack Campbell            

Extra Forwards
Normal : Joel Kellman, Chris Tierney, Brock Boeser - PP : Joel Kellman, Chris Tierney - PK : Brock Boeser
Extra Defensemen
Normal : Zach Bogosian, Markus Nutivaara, Jake Gardiner - PP : Zach Bogosian - PK : Markus Nutivaara, Jake Gardiner
Penalty Shots
Mitchell Marner, Elias Pettersson, Patrik Laine, Jamie Benn, Blake Coleman

Scratches
Anthony Bitetto (Healthy), CGY Cap Hit (Suspend)

NEW YORK I

5 vs 5 Forward 
   Center                   Left Wing                Right Wing               Time % Phy DF OF 
 1 Logan Couture            Nick Foligno             Josh Bailey              35     1   1  3  
 2 Ryan Strome              Brandon Saad             Anthony Mantha           30     1   2  2  
 3 Boone Jenner             Marcus Foligno           Austin Watson            25     1   2  2  
 4 Pierre-Edouard Bellemare Pat Maroon               Cedric Paquette          10     2   3  0  

5 vs 5 Defense 
   Defense                  Defense                                           Time % Phy DF OF 
 1 Rasmus Ristolainen       Esa Lindell                                       35     1   2  2  
 2 Matt Dumba               Jared Spurgeon                                    30     1   2  2  
 3 Ben Hutton               Scott Mayfield                                    25     1   2  2  
 4 Rasmus Ristolainen       Esa Lindell                                       10     1   2  2  

PowerPlay Forward 
   Center                   Left Wing                Right Wing               Time % Phy DF OF 
 1 Logan Couture            Nick Foligno             Josh Bailey              60     1   2  2  
 2 Ryan Strome              Brandon Saad             Anthony Mantha           40     1   2  2  

PowerPlay Defense
   Defense                  Defense                                           Time % Phy DF OF 
 1 Rasmus Ristolainen       Jared Spurgeon                                    60     1   2  2  
 2 Scott Mayfield           Esa Lindell                                       40     1   2  2  

Penalty Kill 4 Players Forward 
   Center                   Wing                     Time % Phy DF OF 
 1 Boone Jenner             Austin Watson            60     1   2  2  
 2 Cedric Paquette          Carter Rowney            40     1   2  2  

Penalty Kill 4 Players Defense
   Defense                  Defense                  Time % Phy DF OF 
 1 Rasmus Ristolainen       Esa Lindell              60     1   2  2  
 2 Matt Dumba               Scott Mayfield           40     1   2  2  

Penalty Kill - 3 Players Forward 
   Forward                                           Time % Phy DF OF 
 1 Boone Jenner                                      60     1   2  2  
 2 Marcus Foligno                                    40     1   2  2  

Penalty Kill - 3 Players Defense
   Defense                  Defense                  Time % Phy DF OF 
 1 Rasmus Ristolainen       Esa Lindell              60     1   2  2  
 2 Jared Spurgeon           Scott Mayfield           40     1   2  2  

4 vs 4 Forward 
   Center                   Wing                     Time % Phy DF OF 
 1 Logan Couture            Brandon Saad             60     1   2  2  
 2 Ryan Strome              Anthony Mantha           40     1   2  2  

4 vs 4 Defense
   Defense                  Defense                  Time % Phy DF OF 
 1 Rasmus Ristolainen       Esa Lindell              60     1   2  2  
 2 Jared Spurgeon           Scott Mayfield           40     1   2  2  

Last Minutes Offensive
   Center                   Left Wing                Right Wing               Defense                  Defense                  
   Logan Couture            Brandon Saad             Anthony Mantha           Rasmus Ristolainen       Jared Spurgeon           

Last Minutes Defensive
   Center                   Left Wing                Right Wing               Defense                  Defense                  
   Boone Jenner             Marcus Foligno           Cedric Paquette          Rasmus Ristolainen       Scott Mayfield           

Goaltenders
Starting : Jacob Markstrom          
Backup : Curtis McElhinney        

Extra Forwards
Normal : Austin Watson, Josh Bailey, Pat Maroon - PP : Pierre-Edouard Bellemare, Cedric Paquette - PK : Austin Watson
Extra Defensemen
Normal : Troy Stecher, Jared Spurgeon, Ben Hutton - PP : Troy Stecher - PK : Scott Mayfield, Troy Stecher
Penalty Shots
Logan Couture, Anthony Mantha, Brandon Saad, Nick Foligno, Ryan Strome

Scratches
NYI Cap Hit (Suspend)

% Time on Ice - CALGARY

Lines # - Real PCT - Wanted PCT - Time Play
Normal Forward
1 - 29% - 35% - 13:18
2 - 31% - 30% - 14:01
3 - 28% - 25% - 12:58
4 - 12% - 10% - 5:39
Normal Defense
1 - 32% - 35% - 14:50
2 - 31% - 30% - 14:16
3 - 33% - 25% - 15:20
4 - 3% - 10% - 1:30
PP Forward
1 - 42% - 60% - 1:59
2 - 58% - 40% - 2:46
PP Defense
1 - 63% - 60% - 2:59
2 - 37% - 40% - 1:46
PK Forward
1 - 62% - 60% - 5:46
2 - 38% - 40% - 3:33
PK Defense
1 - 55% - 60% - 5:06
2 - 45% - 40% - 4:13
PK3 Forward
1 - 0% - 60%
2 - 0% - 40%
PK3 Defense
1 - 0% - 60%
2 - 0% - 40%
44 Forward
1 - 0% - 60%
2 - 0% - 40%
44 Defense
1 - 0% - 60%
2 - 0% - 40%
Last Minute Offensive  - 0:00
Last Minute Defensive  - 0:00
Total
Forward - 60:00
Defense - 60:00

% Time on Ice - NEW YORK I

Lines # - Real PCT - Wanted PCT - Time Play
Normal Forward
1 - 34% - 35% - 15:28
2 - 29% - 30% - 13:33
3 - 23% - 25% - 10:21
4 - 14% - 10% - 6:34
Normal Defense
1 - 32% - 35% - 14:55
2 - 33% - 30% - 15:17
3 - 31% - 25% - 14:05
4 - 4% - 10% - 1:39
PP Forward
1 - 48% - 60% - 4:28
2 - 52% - 40% - 4:51
PP Defense
1 - 56% - 60% - 5:14
2 - 44% - 40% - 4:05
PK Forward
1 - 77% - 60% - 3:40
2 - 23% - 40% - 1:05
PK Defense
1 - 55% - 60% - 2:38
2 - 45% - 40% - 2:07
PK3 Forward
1 - 0% - 60%
2 - 0% - 40%
PK3 Defense
1 - 0% - 60%
2 - 0% - 40%
44 Forward
1 - 0% - 60%
2 - 0% - 40%
44 Defense
1 - 0% - 60%
2 - 0% - 40%
Last Minute Offensive  - 0:00
Last Minute Defensive  - 0:00
Total
Forward - 60:00
Defense - 60:00

Play-by-Play

1st period


0:01 of 1st period - Elias Pettersson wins face-off versus Logan Couture in neutral zone.
1:02 of 1st period - Off-side.
1:03 of 1st period - Chris Tierney wins face-off versus Ryan Strome in neutral zone.
1:03 of 1st period - Tyler Bertuzzi is hit by Anthony Mantha and loses puck.
1:28 of 1st period - Shot by Tyler Bertuzzi.
1:28 of 1st period - Stopped by Jacob Markstrom without a rebound.
1:29 of 1st period - Boone Jenner wins face-off versus Jamie Benn in NEW YORK I zone.
1:39 of 1st period - Minor Penalty to Jamie Benn for Hooking.
1:40 of 1st period - Chris Tierney wins face-off versus Ryan Strome in CALGARY zone.
1:51 of 1st period - Shot by Anthony Mantha.
1:51 of 1st period - Stopped by Pavel Francouz without a rebound.
1:52 of 1st period - Logan Couture wins face-off versus Mitchell Marner in CALGARY zone.
2:01 of 1st period - Shot by Nick Foligno.
2:01 of 1st period - Deflect By Josh Bailey.
2:01 of 1st period - Shot Misses the Net.
2:03 of 1st period - Shot by Josh Bailey.
2:03 of 1st period - Stopped by Pavel Francouz without a rebound.
2:04 of 1st period - Brock Boeser wins face-off versus Ryan Strome in CALGARY zone.
2:10 of 1st period - Icing by Jared Spurgeon.
2:11 of 1st period - Chris Tierney wins face-off versus Ryan Strome in NEW YORK I zone.
2:19 of 1st period - Icing by Rasmus Ristolainen.
2:20 of 1st period - Brock Boeser wins face-off versus Ryan Strome in NEW YORK I zone.
2:35 of 1st period - Chris Tierney is hit by Ryan Strome and loses puck.
2:42 of 1st period - Shot by Jared Spurgeon.
2:42 of 1st period - Goal by Jared Spurgeon - CALGARY : 0 - NEW YORK I : 1.
2:43 of 1st period - Jamie Benn wins face-off versus Boone Jenner in neutral zone.
3:00 of 1st period - Icing by Blake Coleman.
3:01 of 1st period - Ryan Strome wins face-off versus Jamie Benn in CALGARY zone.
3:07 of 1st period - Icing by Mikhail Sergachev.
3:08 of 1st period - Jamie Benn wins face-off versus Ryan Strome in CALGARY zone.
3:25 of 1st period - Shot by Ryan Strome.
3:25 of 1st period - Deflect By Anthony Mantha.
3:25 of 1st period - Shot Blocked by Brock Boeser.
3:42 of 1st period - Blake Coleman is hit by Anthony Mantha and loses puck.
4:34 of 1st period - Shot by Austin Watson.
4:34 of 1st period - Stopped by Pavel Francouz without a rebound.
4:35 of 1st period - Chris Tierney wins face-off versus Logan Couture in CALGARY zone.
5:00 of 1st period - Shot by Josh Bailey.
5:00 of 1st period - Deflect By Logan Couture.
5:00 of 1st period - Shot Misses the Net.
5:02 of 1st period - Shot by Esa Lindell.
5:02 of 1st period - Shot Misses the Net.
5:04 of 1st period - Shot by Nick Foligno.
5:04 of 1st period - Stopped by Pavel Francouz without a rebound.
5:05 of 1st period - Mitchell Marner wins face-off versus Boone Jenner in CALGARY zone.
5:07 of 1st period - Icing by Elias Pettersson.
5:08 of 1st period - Elias Pettersson wins face-off versus Austin Watson in CALGARY zone.
5:21 of 1st period - Shot by Mitchell Marner.
5:21 of 1st period - Stopped by Jacob Markstrom without a rebound.
5:22 of 1st period - Chris Tierney wins face-off versus Pierre-Edouard Bellemare in NEW YORK I zone.
5:22 of 1st period - Zach Bogosian is hit by Rasmus Ristolainen and loses puck.
5:47 of 1st period - Shot by Pat Maroon.
5:47 of 1st period - Shot Misses the Net.
5:53 of 1st period - Shot by Pat Maroon.
5:53 of 1st period - Stopped by Pavel Francouz without a rebound.
5:54 of 1st period - Logan Couture wins face-off versus Derick Brassard in CALGARY zone.
6:09 of 1st period - Shot by Nick Foligno.
6:09 of 1st period - Stopped by Pavel Francouz with a rebound.
6:11 of 1st period - Shot by Logan Couture.
6:11 of 1st period - Stopped by Pavel Francouz with a rebound.
6:13 of 1st period - Shot by Josh Bailey.
6:13 of 1st period - Shot Blocked by Jaccob Slavin.
6:15 of 1st period - Shot by Josh Bailey.
6:15 of 1st period - Deflect By Logan Couture.
6:15 of 1st period - Shot Blocked by Jaccob Slavin.
6:27 of 1st period - Shot by Josh Bailey.
6:27 of 1st period - Shot Blocked by Mikhail Sergachev.
6:33 of 1st period - Shot by Josh Bailey.
6:33 of 1st period - Shot Misses the Net.
6:42 of 1st period - Derick Brassard is hit by Austin Watson and loses puck.
6:49 of 1st period - Shot by Esa Lindell.
6:49 of 1st period - Shot Misses the Net.
7:07 of 1st period - Shot by Boone Jenner.
7:07 of 1st period - Stopped by Pavel Francouz without a rebound.
7:08 of 1st period - Drake Caggiula wins face-off versus Ryan Strome in CALGARY zone.
7:43 of 1st period - Ryan Strome is hit by Jake Gardiner and loses puck.
7:49 of 1st period - Ryan Strome is hit by Jake Gardiner and loses puck.
8:15 of 1st period - Minor Penalty to Zach Bogosian for Roughing.
8:16 of 1st period - Jamie Benn wins face-off versus Logan Couture in CALGARY zone.
8:16 of 1st period - Jamie Benn is hit by Nick Foligno.
9:24 of 1st period - Shot by Ryan Strome.
9:24 of 1st period - Stopped by Pavel Francouz without a rebound.
9:25 of 1st period - Chris Tierney wins face-off versus Ryan Strome in CALGARY zone.
9:37 of 1st period - Off-side.
9:38 of 1st period - Ryan Strome wins face-off versus Chris Tierney in neutral zone.
10:24 of 1st period - Shot by Mitchell Marner.
10:24 of 1st period - Stopped by Jacob Markstrom without a rebound.
10:25 of 1st period - Logan Couture wins face-off versus Blake Coleman in NEW YORK I zone.
10:36 of 1st period - Minor Penalty to Blake Coleman for Roughing.
10:37 of 1st period - Logan Couture wins face-off versus Chris Tierney in CALGARY zone.
11:54 of 1st period - Shot by Jared Spurgeon.
11:54 of 1st period - Shot Misses the Net.
11:58 of 1st period - Shot by Jared Spurgeon.
11:58 of 1st period - Stopped by Pavel Francouz with a rebound.
12:50 of 1st period - Shot by Boone Jenner.
12:50 of 1st period - Stopped by Pavel Francouz with a rebound.
13:48 of 1st period - Mitchell Marner is hit by Pat Maroon and loses puck.
14:17 of 1st period - Shot by Patrik Laine.
14:17 of 1st period - Stopped by Jacob Markstrom with a rebound.
14:19 of 1st period - Shot by Mitchell Marner.
14:19 of 1st period - Shot Misses the Net.
15:27 of 1st period - Icing by Brandon Saad.
15:28 of 1st period - Elias Pettersson wins face-off versus Ryan Strome in NEW YORK I zone.
15:37 of 1st period - Shot by Patrik Laine.
15:37 of 1st period - Shot Hit the Post.
15:59 of 1st period - Shot by Nick Foligno.
15:59 of 1st period - Goal by Nick Foligno - CALGARY : 0 - NEW YORK I : 2.
16:00 of 1st period - Jamie Benn wins face-off versus Boone Jenner in neutral zone.
16:09 of 1st period - Shot by Jamie Benn.
16:09 of 1st period - Shot Blocked by Jared Spurgeon.
16:37 of 1st period - Shot by Boone Jenner.
16:37 of 1st period - Shot Blocked by Blake Coleman.
16:44 of 1st period - Icing by Blake Coleman.
16:45 of 1st period - Logan Couture wins face-off versus Jamie Benn in CALGARY zone.
17:31 of 1st period - Icing by Nick Foligno.
17:32 of 1st period - Elias Pettersson wins face-off versus Logan Couture in NEW YORK I zone.
17:33 of 1st period - Shot by Mitchell Marner.
17:33 of 1st period - Stopped by Jacob Markstrom with a rebound.
17:35 of 1st period - Shot by Jaccob Slavin.
17:35 of 1st period - Stopped by Jacob Markstrom without a rebound.
17:36 of 1st period - Ryan Strome wins face-off versus Elias Pettersson in NEW YORK I zone.
17:41 of 1st period - Elias Pettersson is hit by Ryan Strome and loses puck.
18:01 of 1st period - Off-side.
18:02 of 1st period - Boone Jenner wins face-off versus Chris Tierney in neutral zone.
18:09 of 1st period - Shot by Austin Watson.
18:09 of 1st period - Shot Misses the Net.
18:41 of 1st period - Shot by Austin Watson.
18:41 of 1st period - Shot Misses the Net.
19:48 of 1st period - Jamie Benn is hit by Anthony Mantha and loses puck.
19:54 of 1st period - Off-side.
19:55 of 1st period - Cedric Paquette wins face-off versus Jamie Benn in neutral zone.
Goals for this period are 0 for CALGARY vs 2 for NEW YORK I.
Shots for this period are 6 for CALGARY vs 13 for NEW YORK I.

2nd period


0:01 of 2nd period - Elias Pettersson wins face-off versus Josh Bailey in neutral zone.
0:08 of 2nd period - Shot by Mitchell Marner.
0:08 of 2nd period - Shot Misses the Net.
0:18 of 2nd period - Shot by Logan Couture.
0:18 of 2nd period - Shot Misses the Net.
0:29 of 2nd period - Josh Bailey is hit by Jaccob Slavin and loses puck.
0:54 of 2nd period - Esa Lindell is hit by Jaccob Slavin and loses puck.
1:04 of 2nd period - Mitchell Marner is hit by Anthony Mantha and loses puck.
1:11 of 2nd period - Icing by Patrik Laine.
1:12 of 2nd period - Boone Jenner wins face-off versus Elias Pettersson in CALGARY zone.
1:12 of 2nd period - Boone Jenner is hit by Mikhail Sergachev.
1:15 of 2nd period - Marcus Foligno is hit by Jaccob Slavin and loses puck.
1:19 of 2nd period - Boone Jenner is hit by Jaccob Slavin and loses puck.
2:09 of 2nd period - Shot by Anthony Mantha.
2:09 of 2nd period - Shot Blocked by Jaccob Slavin.
2:11 of 2nd period - Shot by Brandon Saad.
2:11 of 2nd period - Shot Misses the Net.
2:15 of 2nd period - Shot by Anthony Mantha.
2:15 of 2nd period - Deflect By Brandon Saad.
2:15 of 2nd period - Shot Blocked by Jaccob Slavin.
2:17 of 2nd period - Shot by Ryan Strome.
2:17 of 2nd period - Deflect By Brandon Saad.
2:17 of 2nd period - Shot Blocked by Jaccob Slavin.
2:27 of 2nd period - Shot by Ryan Strome.
2:27 of 2nd period - Stopped by Pavel Francouz without a rebound.
2:28 of 2nd period - Jamie Benn wins face-off versus Pierre-Edouard Bellemare in CALGARY zone.
2:28 of 2nd period - Jamie Benn is hit by Cedric Paquette.
2:43 of 2nd period - Brock Boeser is hit by Cedric Paquette and loses puck.
3:27 of 2nd period - Shot by Markus Nutivaara.
3:27 of 2nd period - Stopped by Jacob Markstrom without a rebound.
3:28 of 2nd period - Drake Caggiula wins face-off versus Logan Couture in NEW YORK I zone.
4:36 of 2nd period - Icing by Blake Coleman.
4:37 of 2nd period - Jamie Benn wins face-off versus Ryan Strome in CALGARY zone.
4:37 of 2nd period - Rasmus Dahlin is hit by Ryan Strome and loses puck.
4:44 of 2nd period - Jamie Benn is hit by Anthony Mantha and loses puck.
4:45 of 2nd period - Minor Penalty to Anthony Mantha for Roughing.
4:46 of 2nd period - Boone Jenner wins face-off versus Jamie Benn in NEW YORK I zone.
5:07 of 2nd period - Jamie Benn is hit by Esa Lindell and loses puck.
5:32 of 2nd period - Shot by Jaccob Slavin.
5:32 of 2nd period - Stopped by Jacob Markstrom without a rebound.
5:33 of 2nd period - Boone Jenner wins face-off versus Elias Pettersson in NEW YORK I zone.
5:54 of 2nd period - Shot by Mikhail Sergachev.
5:54 of 2nd period - Shot Misses the Net.
6:32 of 2nd period - Shot by Blake Coleman.
6:32 of 2nd period - Stopped by Jacob Markstrom without a rebound.
6:33 of 2nd period - Jamie Benn wins face-off versus Boone Jenner in NEW YORK I zone.
6:55 of 2nd period - Drake Caggiula is hit by Ben Hutton and loses puck.
7:00 of 2nd period - Shot by Chris Tierney.
7:00 of 2nd period - Stopped by Jacob Markstrom without a rebound.
7:01 of 2nd period - Derick Brassard wins face-off versus Ryan Strome in NEW YORK I zone.
7:04 of 2nd period - Shot by Mitchell Marner.
7:04 of 2nd period - Deflect By Derick Brassard.
7:04 of 2nd period - Goal by Derick Brassard - CALGARY : 1 - NEW YORK I : 2.
7:05 of 2nd period - Chris Tierney wins face-off versus Josh Bailey in neutral zone.
7:20 of 2nd period - Shot by Tyler Bertuzzi.
7:20 of 2nd period - Shot Blocked by Esa Lindell.
7:27 of 2nd period - Off-side.
7:28 of 2nd period - Jamie Benn wins face-off versus Anthony Mantha in neutral zone.
8:00 of 2nd period - Minor Penalty to Jamie Benn for High sticking.
8:01 of 2nd period - Chris Tierney wins face-off versus Logan Couture in CALGARY zone.
8:22 of 2nd period - Shot by Jared Spurgeon.
8:22 of 2nd period - Stopped by Pavel Francouz with a rebound.
8:24 of 2nd period - Shot by Nick Foligno.
8:24 of 2nd period - Shot Misses the Net.
8:26 of 2nd period - Shot by Rasmus Ristolainen.
8:26 of 2nd period - Shot Blocked by Jaccob Slavin.
8:28 of 2nd period - Shot by Josh Bailey.
8:28 of 2nd period - Stopped by Pavel Francouz without a rebound.
8:29 of 2nd period - Ryan Strome wins face-off versus Chris Tierney in CALGARY zone.
8:30 of 2nd period - Shot by Esa Lindell.
8:30 of 2nd period - Stopped by Pavel Francouz without a rebound.
8:31 of 2nd period - Ryan Strome wins face-off versus Chris Tierney in CALGARY zone.
8:55 of 2nd period - Jaccob Slavin is hit by Anthony Mantha and loses puck.
10:17 of 2nd period - Icing by Markus Nutivaara.
10:18 of 2nd period - Pierre-Edouard Bellemare wins face-off versus Elias Pettersson in CALGARY zone.
10:32 of 2nd period - Elias Pettersson is hit by Cedric Paquette and loses puck.
10:36 of 2nd period - Patrik Laine is hit by Pat Maroon and loses puck.
10:45 of 2nd period - Shot by Elias Pettersson.
10:45 of 2nd period - Shot Misses the Net.
10:48 of 2nd period - Elias Pettersson is hit by Matt Dumba.
11:03 of 2nd period - Matt Nieto is hit by Matt Dumba and loses puck.
11:04 of 2nd period - Minor Penalty to Jared Spurgeon for High sticking.
11:05 of 2nd period - Jamie Benn wins face-off versus Boone Jenner in NEW YORK I zone.
11:35 of 2nd period - Shot by Mikhail Sergachev.
11:35 of 2nd period - Goal by Mikhail Sergachev - CALGARY : 2 - NEW YORK I : 2.
11:36 of 2nd period - Derick Brassard wins face-off versus Josh Bailey in neutral zone.
11:39 of 2nd period - Scott Mayfield is hit by Derick Brassard and loses puck.
11:59 of 2nd period - Derick Brassard is hit by Scott Mayfield and loses puck.
12:25 of 2nd period - Nick Foligno is hit by Zach Bogosian.
12:37 of 2nd period - Shot by Chris Tierney.
12:37 of 2nd period - Shot Blocked by Logan Couture.
12:54 of 2nd period - Icing by Chris Tierney.
12:55 of 2nd period - Ryan Strome wins face-off versus Chris Tierney in CALGARY zone.
12:55 of 2nd period - Ryan Strome is hit by Zach Bogosian.
13:08 of 2nd period - Minor Penalty to Zach Bogosian for Hooking.
13:09 of 2nd period - Ryan Strome wins face-off versus Chris Tierney in CALGARY zone.
13:28 of 2nd period - Shot by Jared Spurgeon.
13:28 of 2nd period - Goal by Jared Spurgeon - CALGARY : 2 - NEW YORK I : 3.
13:29 of 2nd period - Boone Jenner wins face-off versus Jamie Benn in neutral zone.
13:52 of 2nd period - Shot by Marcus Foligno.
13:52 of 2nd period - Goal by Marcus Foligno - CALGARY : 2 - NEW YORK I : 4.
13:53 of 2nd period - Elias Pettersson wins face-off versus Anthony Mantha in neutral zone.
14:04 of 2nd period - Shot by Patrik Laine.
14:04 of 2nd period - Shot Misses the Net.
14:05 of 2nd period - Minor Penalty to Elias Pettersson for Hooking.
14:06 of 2nd period - Chris Tierney wins face-off versus Logan Couture in CALGARY zone.
14:15 of 2nd period - Esa Lindell is hit by Mitchell Marner and loses puck.
14:42 of 2nd period - Shot by Nick Foligno.
14:42 of 2nd period - Stopped by Pavel Francouz without a rebound.
14:43 of 2nd period - Jamie Benn wins face-off versus Ryan Strome in CALGARY zone.
15:14 of 2nd period - Shot by Rasmus Ristolainen.
15:14 of 2nd period - Stopped by Pavel Francouz without a rebound.
15:15 of 2nd period - Logan Couture wins face-off versus Chris Tierney in CALGARY zone.
15:16 of 2nd period - Shot by Esa Lindell.
15:16 of 2nd period - Shot Misses the Net.
15:34 of 2nd period - Shot by Josh Bailey.
15:34 of 2nd period - Stopped by Pavel Francouz without a rebound.
15:35 of 2nd period - Ryan Strome wins face-off versus Jamie Benn in CALGARY zone.
15:36 of 2nd period - Shot by Rasmus Ristolainen.
15:36 of 2nd period - Shot Misses the Net.
16:31 of 2nd period - Blake Coleman is hit by Ben Hutton and loses puck.
16:55 of 2nd period - Icing by Rasmus Ristolainen.
16:56 of 2nd period - Logan Couture wins face-off versus Elias Pettersson in NEW YORK I zone.
17:10 of 2nd period - Jaccob Slavin is hit by Rasmus Ristolainen and loses puck.
17:52 of 2nd period - Off-side.
17:53 of 2nd period - Ryan Strome wins face-off versus Chris Tierney in neutral zone.
17:58 of 2nd period - Shot by Ryan Strome.
17:58 of 2nd period - Shot Misses the Net.
18:00 of 2nd period - Shot by Ryan Strome.
18:00 of 2nd period - Shot Blocked by Chris Tierney.
18:32 of 2nd period - Shot by Brandon Saad.
18:32 of 2nd period - Shot Blocked by Rasmus Dahlin.
18:34 of 2nd period - Shot by Brandon Saad.
18:34 of 2nd period - Goal by Brandon Saad - CALGARY : 2 - NEW YORK I : 5.
18:35 of 2nd period - Marcus Foligno wins face-off versus Jamie Benn in neutral zone.
18:57 of 2nd period - Shot by Brock Boeser.
18:57 of 2nd period - Shot Misses the Net.
19:46 of 2nd period - Icing by Elias Pettersson.
19:47 of 2nd period - Elias Pettersson wins face-off versus Ryan Strome in CALGARY zone.
19:54 of 2nd period - Matt Dumba is hit by Elias Pettersson and loses puck.
Goals for this period are 2 for CALGARY vs 3 for NEW YORK I.
Shots for this period are 6 for CALGARY vs 10 for NEW YORK I.

3rd period


0:01 of 3rd period - Ryan Strome wins face-off versus Elias Pettersson in neutral zone.
0:51 of 3rd period - Rasmus Dahlin is hit by Anthony Mantha and loses puck.
1:20 of 3rd period - Jared Spurgeon is hit by Blake Coleman and loses puck.
1:41 of 3rd period - Shot by Logan Couture.
1:41 of 3rd period - Shot Misses the Net.
2:04 of 3rd period - Drake Caggiula is hit by Matt Dumba and loses puck.
2:28 of 3rd period - Mikhail Sergachev is hit by Ben Hutton and loses puck.
3:16 of 3rd period - Shot by Jamie Benn.
3:16 of 3rd period - Shot Blocked by Ben Hutton.
3:47 of 3rd period - Icing by Jamie Benn.
3:48 of 3rd period - Jamie Benn wins face-off versus Brandon Saad in CALGARY zone.
4:23 of 3rd period - Brandon Saad is hit by Zach Bogosian and loses puck.
4:34 of 3rd period - Shot by Chris Tierney.
4:34 of 3rd period - Stopped by Jacob Markstrom without a rebound.
4:35 of 3rd period - Logan Couture wins face-off versus Elias Pettersson in NEW YORK I zone.
4:35 of 3rd period - Logan Couture is hit by Patrik Laine.
5:03 of 3rd period - Shot by Mitchell Marner.
5:03 of 3rd period - Stopped by Jacob Markstrom without a rebound.
5:04 of 3rd period - Chris Tierney wins face-off versus Pierre-Edouard Bellemare in NEW YORK I zone.
5:26 of 3rd period - Drake Caggiula is hit by Scott Mayfield and loses puck.
5:27 of 3rd period - Drake Caggiula from CALGARY is injured at 5:27 of 3rd period (Lower Body).
5:28 of 3rd period - Ryan Strome wins face-off versus Elias Pettersson in NEW YORK I zone.
5:30 of 3rd period - Icing by Rasmus Ristolainen.
5:31 of 3rd period - Ryan Strome wins face-off versus Elias Pettersson in NEW YORK I zone.
6:44 of 3rd period - Shot by Logan Couture.
6:44 of 3rd period - Shot Blocked by Rasmus Dahlin.
6:52 of 3rd period - Shot by Brock Boeser.
6:52 of 3rd period - Shot Misses the Net.
6:54 of 3rd period - Shot by Blake Coleman.
6:54 of 3rd period - Shot Misses the Net.
6:56 of 3rd period - Shot by Jamie Benn.
6:56 of 3rd period - Stopped by Jacob Markstrom with a rebound.
6:58 of 3rd period - Shot by Blake Coleman.
6:58 of 3rd period - Stopped by Jacob Markstrom without a rebound.
6:59 of 3rd period - Boone Jenner wins face-off versus Chris Tierney in NEW YORK I zone.
7:14 of 3rd period - Shot by Ben Hutton.
7:14 of 3rd period - Shot Misses the Net.
7:16 of 3rd period - Shot by Marcus Foligno.
7:16 of 3rd period - Shot Hit the Post.
7:18 of 3rd period - Shot by Boone Jenner.
7:18 of 3rd period - Shot Misses the Net.
7:20 of 3rd period - Shot by Scott Mayfield.
7:20 of 3rd period - Shot Misses the Net.
7:24 of 3rd period - Shot by Austin Watson.
7:24 of 3rd period - Shot Misses the Net.
8:00 of 3rd period - Shot by Derick Brassard.
8:00 of 3rd period - Deflect By Mitchell Marner.
8:00 of 3rd period - Shot Misses the Net.
8:25 of 3rd period - Shot by Brandon Saad.
8:25 of 3rd period - Shot Blocked by Rasmus Dahlin.
8:34 of 3rd period - Minor Penalty to Ryan Strome for Interference.
8:35 of 3rd period - Jamie Benn wins face-off versus Boone Jenner in NEW YORK I zone.
9:00 of 3rd period - Brock Boeser is hit by Scott Mayfield and loses puck.
9:05 of 3rd period - Shot by Mikhail Sergachev.
9:05 of 3rd period - Stopped by Jacob Markstrom without a rebound.
9:06 of 3rd period - Cedric Paquette wins face-off versus Elias Pettersson in NEW YORK I zone.
9:39 of 3rd period - Icing by Patrik Laine.
9:40 of 3rd period - Elias Pettersson wins face-off versus Pierre-Edouard Bellemare in CALGARY zone.
9:40 of 3rd period - Elias Pettersson is hit by Austin Watson.
10:55 of 3rd period - Shot by Nick Foligno.
10:55 of 3rd period - Shot Misses the Net.
10:57 of 3rd period - Shot by Nick Foligno.
10:57 of 3rd period - Stopped by Pavel Francouz with a rebound.
11:09 of 3rd period - Shot by Nick Foligno.
11:09 of 3rd period - Stopped by Pavel Francouz with a rebound.
11:11 of 3rd period - Shot by Esa Lindell.
11:11 of 3rd period - Shot Misses the Net.
11:31 of 3rd period - Shot by Chris Tierney.
11:31 of 3rd period - Shot Blocked by Jared Spurgeon.
12:01 of 3rd period - Icing by Jared Spurgeon.
12:02 of 3rd period - Jamie Benn wins face-off versus Ryan Strome in NEW YORK I zone.
12:29 of 3rd period - Shot by Pat Maroon.
12:29 of 3rd period - Deflect By Cedric Paquette.
12:29 of 3rd period - Shot Misses the Net.
13:32 of 3rd period - Nick Foligno is hit by Markus Nutivaara and loses puck.
13:45 of 3rd period - Shot by Logan Couture.
13:45 of 3rd period - Shot Misses the Net.
14:23 of 3rd period - Mitchell Marner is hit by Esa Lindell and loses puck.
14:58 of 3rd period - Shot by Brock Boeser.
14:58 of 3rd period - Deflect By Jamie Benn.
14:58 of 3rd period - Shot Blocked by Jared Spurgeon.
16:24 of 3rd period - Shot by Scott Mayfield.
16:24 of 3rd period - Stopped by Pavel Francouz without a rebound.
16:25 of 3rd period - Jamie Benn wins face-off versus Pierre-Edouard Bellemare in CALGARY zone.
16:36 of 3rd period - Shot by Jaccob Slavin.
16:36 of 3rd period - Stopped by Jacob Markstrom with a rebound.
16:46 of 3rd period - Shot by Jamie Benn.
16:46 of 3rd period - Stopped by Jacob Markstrom without a rebound.
16:47 of 3rd period - Ryan Strome wins face-off versus Elias Pettersson in NEW YORK I zone.
18:01 of 3rd period - Rasmus Dahlin is hit by Nick Foligno and loses puck.
18:12 of 3rd period - Shot by Logan Couture.
18:12 of 3rd period - Shot Misses the Net.
19:05 of 3rd period - Icing by Markus Nutivaara.
19:06 of 3rd period - Pierre-Edouard Bellemare wins face-off versus Chris Tierney in CALGARY zone.
19:06 of 3rd period - Matt Dumba is hit by Markus Nutivaara and loses puck.
19:12 of 3rd period - Tyler Bertuzzi is hit by Matt Dumba and loses puck.
19:24 of 3rd period - Icing by Cedric Paquette.
19:25 of 3rd period - Elias Pettersson wins face-off versus Pierre-Edouard Bellemare in NEW YORK I zone.
19:29 of 3rd period - Elias Pettersson is hit by Matt Dumba and loses puck.
19:36 of 3rd period - Shot by Elias Pettersson.
19:36 of 3rd period - Shot Misses the Net.
19:38 of 3rd period - Shot by Mitchell Marner.
19:38 of 3rd period - Deflect By Patrik Laine.
19:38 of 3rd period - Shot Misses the Net.
19:43 of 3rd period - Minor Penalty to Jared Spurgeon for High sticking.
19:44 of 3rd period - Boone Jenner wins face-off versus Elias Pettersson in NEW YORK I zone.
Goals for this period are 0 for CALGARY vs 0 for NEW YORK I.
Shots for this period are 7 for CALGARY vs 3 for NEW YORK I.